 Dungeon Crawl Stone Soup version 0.29-a0-221-gceb61267dd (webtiles) character file.

Game seed: 17496728450169473356

54 cyrus the Skirmisher (level 3, 0/20 HPs)
             Began as a Vine Stalker Fighter on Feb 26, 2022.
             Succumbed to a kobold brigand's poison
             ... on level 4 of the Dungeon.
             The game lasted 00:02:39 (1488 turns).

cyrus the Skirmisher (Vine Stalker Fighter)         Turns: 1488, Time: 00:02:40

Health: 0/20       AC:  9    Str: 18    XL:     3   Next: 91%
Magic:  4/4        EV:  6    Int: 10    God:
Gold:   47         SH:  4    Dex: 13    Spells: 2/2 levels left

rFire   . . .      SeeInvis .   a - +0 war axe
rCold   . . .      Faith    .   c - +0 buckler
rNeg    . . .      Spirit   +   h - +0 chain mail
rPois   .          Reflect  .   (no helmet)
rElec   .          Harm     .   (no cloak)
rCorr   .          Rampage  .   (no gloves)
Will    .....                   (no boots)
Stlth   ..........              (no amulet)
HPRegen 0.06/turn               (no ring)
MPRegen 0.09/turn               (no ring)

@: lethally poisoned (0 -> -4)
A: fangs 2, magic shield, antimagic bite, no potion heal 2
a: no special abilities


You were on level 4 of the Dungeon.
You visited 1 branch of the dungeon, and saw 3 of its levels.

You collected 47 gold pieces.

Inventory:

Hand Weapons
 a - a +0 war axe (weapon)
Armour
 b - a +0 scale mail
 c - a +0 buckler (worn)
 h - a +0 chain mail (worn)
Scrolls
 e - a scroll of identify {unknown}
 g - a scroll of silence {unknown}
Potions
 d - a potion of might
 f - 2 potions of haste {unknown}


   Skills:
 + Level 3.0 Fighting
 + Level 2.6 Axes
 + Level 2.9 Armour
 + Level 0.4 Dodging
 + Level 2.9 Shields


You had 2 spell levels left.
You didn't know any spells.
Your spell library was empty.

Dungeon Overview and Level Annotations

Branches:
Dungeon (2/15)

Altars:
Makhleb
Sif Muna
Zin


Innate Abilities, Weirdness & Mutations

You have extremely sharp teeth.
When hurt, damage is shared between your health and your magic reserves.
Your bite disrupts and absorbs the magic of your enemies.
Potions cannot restore your health.


Message History

Unknown command.
You feel sick.
You feel sick.
You feel sick.
The kobold brigand throws a poisoned dart.
You block the poisoned dart.
You feel sick.
You feel sick.
You feel sick.
You see here a +0 short sword.
You feel sick.
You are no longer poisoned.
Items here: ))) [[ ††.
The kobold brigand throws a poisoned dart.
The poisoned dart barely misses you.
The kobold brigand throws a poisoned dart.
The poisoned dart hits you!
You are poisoned.
You feel sick.
The kobold brigand throws a poisoned dart.
You block the poisoned dart.
You feel sick.
There is a large open door here.
You feel sick.
There is a large open door here.
You feel sick.
As you close the large door, it creaks loudly!
You feel sick.
You hear an angry hiss.
A kobold brigand opens the large door.
An adder comes into view.
You feel sick.
You are no longer poisoned.
The adder hisses angrily.
The kobold brigand throws a poisoned dart.
The poisoned dart hits you.
You are lethally poisoned!
* * * LOW HITPOINT WARNING * * *
You feel sick.
You die...

#≈≈≈.. ####### #≈≈....
#A#.._# ##≈≈...≈≈
###...# ##≈≈....≈≈
#.....# ##≈≈.....≈≈
#8...8# #≈≈......≈≈
####'######≈....S.≈≈≈
#.........#≈.@..[≈≈≈≈
#....##.#.'..≈≈≈≈≈≈≈≈
####....##...K..≈≈≈≈≈≈≈≈
.........#.#.#≈....$≈≈≈≈
####.....#...#≈......≈≈≈
.........#.#.#≈≈......≈≈
.....$.K...))##≈≈.....≈≈
.......#.###).##≈≈....≈≈
....K..........##≈≈...≈


You could see a kobold brigand and an adder.

Vanquished Creatures
  A gnoll (D:1)
  A worm (D:4)
  3 dart slugs
  5 orcs (D:4)
  5 bats
  An endoplasm (D:1)
  2 giant cockroaches (D:1)
  A goblin (D:1)
  A hobgoblin (D:1)
  3 jackals (D:1)
  A kobold (D:1)
  A quokka (D:1)
  A frilled lizard (D:1)
  3 rats (D:1)
29 creatures vanquished.

Notes
Turn   | Place    | Note
-------+----------+-------------------------------------------
     0 | D:1      | cyrus the Vine Stalker Fighter began the quest for the Orb.
     0 | D:1      | Reached XP level 1. HP: 11/11 MP: 2/2
   323 | D:1      | Reached XP level 2. HP: 15/16 MP: 3/3
   556 | D:1      | Reached XP level 3. HP: 9/19 MP: 2/4
  1124 | D:2      | Found a faded altar of an unknown god.
  1140 | D:2      | Prayed at the altar of an unknown god.
  1140 | D:2      | Became a worshipper of Sif Muna the Loreminder
  1140 | D:2      | Reached * piety under Sif Muna
  1142 | D:2      | Fell from the grace of Sif Muna
  1148 | D:2      | You fall into a shaft and drop 2 floors!
  1223 | D:4      | Found a burning altar of Makhleb.
  1223 | D:4      | Noticed a cacodemon
  1236 | D:4      | Noticed a ynoxinul
  1236 | D:4      | Noticed a hellwing
  1345 | D:4      | Reached skill level 3 in Fighting
  1459 | D:4      | Found a glowing silver altar of Zin.
  1459 | D:4      | Noticed an angel
  1469 | D:4      | Noticed a kobold brigand
  1487 | D:4      | HP: 1/20 [poisoned by a kobold brigand]
  1488 | D:4      | Succumbed to a kobold brigand's poison

Illustrated notes

Levels and vault maps discovered:
D:1:      tarquinn_simple_flora_water_b, layout_basic
D:2:      layout_loops_cross, hellmonk_ecumenical_altar_pennies_from_heaven
D:4:      layout_basic, makhleb_altar_promises_db, zin_angel,
          minmay_temple_entry_poolview, gammafunk_ghost_split,
          kennysheep_cross_room, minmay_misc_feat_plants,
          hangedman_feature_mirror, uniq_menkaure

Skill      XL: |  1  2  3 |
---------------+----------+-----
Axes           | 2 |  2.6
Fighting       | 3 |  3.0
Armour         | |  2.9
Dodging        | |  0.4
Shields        | |  2.9

Action                   || total
-------------------------++-------
Melee: War axe           ||    74
       Bite              ||    10
Invok: Renounce Religion ||     1
Armor: Scale mail        ||    35
       Chain mail        ||    11
Dodge: Dodged            ||    28
Block: Buckler           ||    19

Table legend: (Time is in decaauts)
 A = Elapsed time spent in this place.
 B = Non-inter-level travel time spent in this place.
 C = Inter-level travel time spent in this place.
 D = Time resting spent in this place.
 E = Time spent auto-exploring this place.
 F = Levels seen in this place.
 G = Mean time per level.
                   A        B        C        D        E       F      G
               +--------+--------+--------+--------+--------+-----+--------+
         Total |   1523 |   1476 |     47 |    256 |    904 |   3 |  507.7 |
       Dungeon |   1523 |   1476 |     47 |    256 |    904 |   3 |  507.7 |
               +--------+--------+--------+--------+--------+-----+--------+

Top non-repeatable levels by time:
     D:1: 1138 daAuts
     D:4: 346 daAuts
     D:2: 38 daAuts
